 Dungeon Crawl Stone Soup version 0.30-b1-2-g02819fbbbe (webtiles) character file.

Game seed: 2002943736371513603

12409 LLlMATKO the Cleaver (level 11, -4/156 HPs)
             Began as a Minotaur Berserker on Dec 30, 2023.
             Was a High Priest of Trog.
             Constricted to death by Jorgrun (8 damage)
             ... on level 13 of the Dungeon.
             The game lasted 00:07:51 (9300 turns).

LLlMATKO the Cleaver (Minotaur Berserker)           Turns: 9300, Time: 00:07:51

Health: -4/156     AC: 20    Str: 29    XL:     11   Next: 62%
Magic:  10/10      EV: 14    Int:  4    God:    Trog [*****.]
Gold:   601        SH:  0    Dex: 14    Spells: 10/10 levels left

rFire   . . .        Q - +8 hand axe of Dismemberment {heavy, rElec Will++ Str-2 Dex+3}
rCold   . . .        (no shield)
rNeg    . . .        i - +0 plate armour
rPois   +            (helmet restricted)
rElec   +            T - +1 cloak {rPois}
rCorr   .            K - +0 pair of gloves
SInv    .            v - +0 pair of boots
Will    ++...        M - amulet of regeneration Stlth
                     p - +5 ring of evasion
HPRegen 1.26/turn    F - +6 ring of strength
MPRegen 0.12/turn

%: no passive effects
@: berserking, grasped by roots, spiked, constricted, very quick
A: horns 2, retaliatory headbutt
a: Renounce Religion, Berserk, Trog's Hand, Brothers in Arms


You were on level 13 of the Dungeon.
You worshipped Trog.
Trog was extremely pleased with you.
You visited 1 branch of the dungeon, and saw 12 of its levels.

You collected 763 gold pieces.
You spent 162 gold pieces at shops.

Inventory:

Hand Weapons
 x - a +0 war axe
 Q - the +8 hand axe of Dismemberment (weapon) {heavy, rElec Will++ Str-2 Dex+3}
   (You found it on level 10 of the Dungeon)

   Str:       It affects your strength (-2).
   Dex:       It affects your dexterity (+3).
   rElec:     It insulates you from electricity.
   Will:      It greatly increases your willpower.
Missiles
 e - 3 silver javelins (quivered)
 s - 4 datura-tipped darts
 t - 18 boomerangs
 y - 11 poisoned darts
 N - a throwing net
Armour
 i - a +0 plate armour (worn)
 v - a +0 pair of boots (worn)
 K - a +0 pair of gloves (worn)
 T - a +1 cloak of poison resistance (worn)
Jewellery
 p - a +5 ring of evasion (left hand)
 F - a +6 ring of strength (right hand)
 M - an amulet of regeneration (around neck)
 O - an amulet of magic regeneration
 R - a +4 ring of slaying
Wands
 C - a wand of acid (10)
 J - a wand of flame (27)
Scrolls
 b - 6 scrolls of enchant armour {unknown}
 c - 15 scrolls of identify {unknown}
 d - 7 scrolls of teleportation {unknown}
 f - 5 scrolls of immolation {unknown}
 h - 2 scrolls of poison {unknown}
 k - 5 scrolls of amnesia {unknown}
 l - 2 scrolls of fear {unknown}
 n - a scroll of fog {unknown}
 o - 3 scrolls of blinking {unknown}
 u - 3 scrolls of magic mapping {unknown}
 w - 2 scrolls of brand weapon {unknown}
 E - 3 scrolls of enchant weapon {unknown}
 H - 4 scrolls of summoning
 P - a scroll of noise {unknown}
 S - a scroll of acquirement {unknown}
Potions
 a - 2 potions of flight {unknown}
 g - 6 potions of curing {unknown}
 j - a potion of might {unknown}
 m - 2 potions of haste {unknown}
 q - 3 potions of lignification {unknown}
 z - 2 potions of ambrosia {unknown}
 A - 3 potions of mutation {unknown}
 B - 2 potions of heal wounds {unknown}
 D - a potion of brilliance {unknown}
 G - a potion of degeneration {unknown}
 I - a potion of invisibility {unknown}
 L - a potion of magic {unknown}


   Skills:
 + Level 11.7 Fighting
 + Level 11.8 Axes
 + Level 11.5 Armour
 + Level 10.6 Dodging


You had 10 spell levels left.
You didn't know any spells.
Your spell library was empty.

Dungeon Overview and Level Annotations

Branches:
Dungeon (11/15)            Temple (0/1) D:5            Lair (0/5) D:11
    Orc (0/2) D:9

Altars:
Dithmenos
Fedhas
Kikubaaqudgha
Makhleb
Okawaru
Ru
Wu Jian
Xom
The Shining One

Shops:
D:5 [   D:13 [((

Annotations:
D:13 Jorgrun


Innate Abilities, Weirdness & Mutations

You have a pair of horns on your head.
You reflexively headbutt those who attack you in melee.


Message History

The silver javelin pierces through Jorgrun!
Jorgrun is lightly wounded.
The grasping roots constrict you.
An efreet comes into view.
It is wielding a +2 scimitar of flaming.
Throw: 5 javelins (silver)
Press: ? - help, Q - select action, (/) - cycle Shift-Dir - straight line, f/p - Jorgrun
Aim: Jorgrun, wielding a +0 heavy quarterstaff and wearing a +2 robe of fire resistance (lightly wounded, 48% to hit)
You throw a silver javelin.
The silver javelin pierces through Jorgrun.
Jorgrun is lightly wounded.
The silver javelin barely misses the manticore.
The silver javelin pierces through the efreet.
The efreet is lightly wounded.
The grasping roots constrict you!
Throw: 4 javelins (silver)
Press: ? - help, Q - select action, (/) - cycle Shift-Dir - straight line, f - efreet, p - Jorgrun
Aim: an efreet, wielding a +2 scimitar of flaming (lightly wounded, 81% to hit)
You throw a silver javelin.
The silver javelin closely misses Jorgrun.
The silver javelin barely misses the manticore.
The silver javelin pierces through the efreet!
The efreet is severely wounded.
The grasping roots constrict you! Jorgrun misses you. You furiously retaliate!
You headbutt Jorgrun! The grasping roots constrict you.
Unknown command.
You slice Jorgrun!!
Jorgrun is heavily wounded.
Unknown command.
A red film seems to cover your vision as you go berserk!
You feel yourself moving faster!
You feel mighty!
Jorgrun hits you with a +0 heavy quarterstaff!
The grasping roots constrict you!
* * * LOW HITPOINT WARNING * * *
You slash Jorgrun!
Jorgrun is heavily wounded.
Jorgrun gestures at you while chanting. The iron shot hits you!!!
* * * LOW HITPOINT WARNING * * *
The grasping roots constrict you!
You die...

#....##...# #.
#....##[..# #.
###....##...### #.
#.............# #.
#.............# #.
#.............# #.
#.............# #.
(..####.............#
##
(..°RHg@........#####
...##############


You could see Jorgrun, a manticore and an efreet.

Vanquished Creatures
  2 centaur warriors (D:13)
  A deep elf pyromancer (D:13)
  2 cyclopes
  An ugly thing (D:13)
  2 manticores
  A gargoyle (D:13)
  Maggie (D:7)
  An unseen horror (D:13)
  A troll (D:13)
  3 hornets (D:9)
  A shadow (D:10)
  9 yaks
  4 wraiths
  3 vampire mosquitoes (D:10)
  Grum (D:11)
  A steam dragon (D:8)
  Menkaure (D:4)
  An acid dragon (D:10)
  A water moccasin (D:5)
  2 black bears
  An orc warrior (D:9)
  A sky beast (D:7)
  3 wolves (D:11)
  3 ogres
  A phantom (D:6)
  15 centaurs
  2 bullfrogs
  A gnoll sergeant (D:10)
  4 scorpions
  8 wights
  10 killer bees
  A howler monkey (D:10)
  A jelly (D:7)
  An orc priest (D:3)
  3 hounds
  Crazy Yiuf (D:3)
  4 iguanas
  Natasha (thrice) (D:3)
  4 orc wizards
  9 gnolls
  8 adders
  A shadow imp (D:5)
  A white imp (D:6)
  An ufetubus (D:6)
  3 worms
  3 dart slugs
  29 orcs
  7 bats
  8 endoplasms
  3 giant cockroaches
  6 goblins
  13 hobgoblins
  4 jackals (D:1)
  5 kobolds
  6 quokkas
  13 ball pythons
  9 frilled lizards
  8 rats
243 creatures vanquished.

Notes
Turn   | Place    | Note
-------+----------+-------------------------------------------
     0 | D:1      | LLlMATKO the Minotaur Berserker began the quest for the
                  | Orb.
     0 | D:1      | Reached XP level 1. HP: 19/19 MP: 0/0
    94 | D:1      | Reached XP level 2. HP: 17/27 MP: 1/1
   445 | D:1      | Reached ** piety under Trog
   617 | D:1      | Reached XP level 3. HP: 33/33 MP: 2/2
   829 | D:2      | Reached XP level 4. HP: 37/40 MP: 3/3
  1455 | D:3      | Reached XP level 5. HP: 25/47 MP: 4/4
  1718 | D:3      | Found a faded altar of an unknown god.
  1733 | D:3      | Noticed Natasha
  1739 | D:3      | Killed Natasha
  1850 | D:3      | Found a runed translucent door.
  1851 | D:3      | Noticed Crazy Yiuf
  1905 | D:3      | Reached *** piety under Trog
  2004 | D:3      | Noticed Natasha
  2011 | D:3      | Killed Natasha
  2377 | D:3      | Noticed Natasha
  2386 | D:3      | Killed Natasha
  2387 | D:3      | Reached skill level 5 in Fighting
  2387 | D:3      | Reached skill level 5 in Axes
  2565 | D:3      | Killed Crazy Yiuf
  2566 | D:3      | Reached XP level 6. HP: 56/56 MP: 3/5
  3002 | D:4      | Noticed Menkaure
  3009 | D:4      | Killed Menkaure
  3390 | D:5      | Entered Level 5 of the Dungeon
  3392 | D:5      | Noticed a water moccasin
  3399 | D:5      | Reached skill level 5 in Armour
  3399 | D:5      | Reached XP level 7. HP: 62/62 MP: 6/6
  3577 | D:5      | Reached skill level 5 in Dodging
  3828 | D:5      | Found Upsiog's Antique Armour Emporium.
  3998 | D:5      | Found a staircase to the Ecumenical Temple.
  4009 | D:5      | Reached **** piety under Trog
  4015 | D:5      | Reached XP level 8. HP: 71/71 MP: 7/7
  5175 | D:7      | Noticed Maggie
  5186 | D:7      | Killed Maggie
  5189 | D:7      | Reached XP level 9. HP: 75/81 MP: 8/8
  6823 | D:9      | Paralysed by a hornet for 3 turns
  7121 | D:9      | Found an iron altar of Okawaru.
  7121 | D:9      | Found an ornate altar of the Wu Jian Council.
  7167 | D:9      | Reached XP level 10. HP: 91/91 MP: 9/9
  7385 | D:9      | Found a staircase to the Orcish Mines.
  7440 | D:9      | Noticed a cyclops
  7454 | D:9      | Killed a cyclops
  7455 | D:9      | Reached skill level 10 in Axes
  7853 | D:9      | Found a burning altar of Makhleb.
  7905 | D:10     | Entered Level 10 of the Dungeon
  7930 | D:10     | Reached skill level 10 in Fighting
  8041 | D:10     | Reached skill level 10 in Armour
  8081 | D:10     | Identified the +8 hand axe of Dismemberment {heavy, rElec
                  | Will++ Str-2 Dex+3}
  8153 | D:10     | Found a shimmering altar of Xom.
  8153 | D:10     | Found an ancient bone altar of Kikubaaqudgha.
  8177 | D:10     | Found a glowing golden altar of the Shining One.
  8182 | D:10     | Found a shadowy altar of Dithmenos.
  8187 | D:10     | Found a sacrificial altar of Ru.
  8191 | D:10     | Found a blossoming altar of Fedhas.
  8268 | D:10     | Reached ***** piety under Trog
  8576 | D:11     | Found a staircase to the Lair.
  8591 | D:11     | Noticed Grum
  8597 | D:11     | Killed Grum
  8599 | D:11     | Reached XP level 11. HP: 97/101 MP: 10/10
  8719 | D:11     | You fall into a shaft and drop 2 floors!
  8719 | D:13     | Found Imobiuw's Antique Weapon Shoppe.
  8799 | D:13     | Found Komejiesh's Armour Shop.
  8807 | D:13     | Bought a +1 cloak of poison resistance for 162 gold pieces
  8834 | D:13     | Reached skill level 10 in Dodging
  8898 | D:13     | Noticed a centaur warrior
  8906 | D:13     | Killed a centaur warrior
  9046 | D:13     | Noticed a cyan ugly thing
  9052 | D:13     | Killed a cyan ugly thing
  9099 | D:13     | Found Weocai's Weapon Boutique.
  9101 | D:13     | Noticed a centaur warrior
  9107 | D:13     | Killed a centaur warrior
  9153 | D:13     | Noticed a deep elf pyromancer
  9159 | D:13     | Killed a deep elf pyromancer
  9292 | D:13     | Noticed Jorgrun
  9300 | D:13     | HP: 4/156 [Jorgrun/iron shot (37)]
  9300 | D:13     | Constricted to death by Jorgrun

Illustrated notes

Levels and vault maps discovered:
D:1:      lemuel_arrival_broad_hall, layout_loops_ring, item_on_display_a
D:2:      wander_river, layout_rooms, minmay_tetromino_t4
D:3:      layout_basic, dilly_ecumenical_altar_fadedgnrine, serial_corexii_hall,
          chequers_hall_statues_corner_a, chequers_hall_statues_y, uniq_natasha,
          uniq_crazy_yiuf_cottage
D:4:      layout_rooms, wad_orctagon, uniq_menkaure
D:5:      layout_rooms, minmay_temple_entry_grid, serial_shops,
          nicolae_square_shop
D:6:      layout_layer_cave, grunt_ministairs_13
D:7:      layout_loops_ring, minmay_misc_feat_tiny, corexii_checkpoint_b,
          uniq_maggie
D:8:      layout_rooms, minmay_misc_feat_secret_circle, grunt_ministairs_6
D:9:      layout_basic, nicolae_overflow_hidden_temple, david_orc_2
D:10:     layout_small_grid, nicolae_overflow_hallway_of_the_gods
D:11:     layout_basic, lair_entry_dummy, kennysheep_decorative_pillar,
          uniq_grum
D:13:     layout_basic, erik_vaults_1, serial_shops, shop,
          nicolae_shop_tiny_waterfront, shop, uniq_jorgrun

Skill      XL: |  1  2  3  4  5  6  7  8  9 10 11 |
---------------+----------------------------------+-----
Axes           | 4 5 6 8 9 10 11 | 11.8
Fighting       | 4 5 6 7 9 10 11 | 11.7
Armour         | 3 4 5 7 9 10 11 | 11.5
Dodging        | 3 4 5 6 8 9 10 | 10.6

Action                     |  1- 3 |  4- 6 |  7- 9 | 10-12 || total
---------------------------+-------+-------+-------+-------++-------
  Melee: Hand axe          |    86 |   148 |       |    84 ||   318
         Headbutt          |    16 |    24 |    30 |    32 ||   102
         Punch             |       |     1 |     1 |     1 ||     3
         War axe           |       |    11 |   192 |    57 ||   260
  Throw: Javelin           |       |       |       |     7 ||     7
 Invoke: Berserk           |       |     6 |     4 |     3 ||    13
 Armour: Animal skin       |     1 |       |       |       ||     1
         Ring mail         |     9 |       |       |       ||     9
         Plate armour      |    19 |   101 |   116 |    96 ||   332
  Dodge: Dodged            |    56 |    56 |   151 |   164 ||   427
